 Dungeon Crawl Stone Soup version 0.27.1 (webtiles) character file.

Game seed: 15387071825419251990

57 ZARRMARR the Shooter (level 3, -2/20 HPs)
             Began as a Deep Elf Hunter on Aug 30, 2021.
             Frozen to death by an endoplasm (5 damage)
             ... on level 3 of the Dungeon.
             The game lasted 00:07:36 (1904 turns).

ZARRMARR the Shooter (Deep Elf Hunter)              Turns: 1904, Time: 00:07:38

Health: -2/20      AC:  3    Str:  9    XL:     3   Next: 73%
Magic:  5/5        EV: 12    Int: 16    God:
Gold:   87         SH:  0    Dex: 15    Spells: 2/2 levels left

rFire    . . .     SeeInvis .   a - +1 shortbow
rCold    . . .     Faith    .   (shield currently unavailable)
rNeg     . . .     Spirit   .   c - +0 leather armour
rPois    .         Reflect  .   (no helmet)
rElec    .         Harm     .   o - scarf {+Inv}
rCorr    .         Rampage  .   (no gloves)
Will     .....                  (no boots)
Stlth    ++........             (no amulet)
HPRegen  0.06/turn              (no ring)
MPRegen  0.09/turn              (no ring)

@: no status effects
A: no striking features
a: Evoke Invisibility


You were on level 3 of the Dungeon.
You visited 1 branch of the dungeon, and saw 3 of its levels.

You collected 87 gold pieces.

Inventory:

Hand Weapons
 a - a +1 shortbow (weapon)
 b - a +0 short sword
Missiles
 d - 33 arrows (quivered ammo)
Armour
 c - a +0 leather armour (worn)
 o - a scarf of invisibility (worn)
Jewellery
 m - a ring of ice
Potions
 e - a potion of brilliance {unknown}
 f - a potion of might {unknown}
 g - a potion of heal wounds {unknown}
 i - 2 potions of lignification {unknown}
 j - a potion of curing {unknown}


   Skills:
 - Level 1.5 Fighting
 + Level 7.2 Bows
 - Level 2.4 Dodging
 - Level 1.2 Stealth


You had 2 spell levels left.
You didn't know any spells.
Your spell library contained the following spells:

 Spells                   Type           Power      Damage    Failure   Level
 Cause Fear               Hex            0%         N/A       98%         4
 Dragon Form              Tmut           0%         N/A       100%        7
 Dragon's Call            Summ           0%         N/A       100%        9


Dungeon Overview and Level Annotations

Branches:
Dungeon (3/15)

Altars:

Annotations:
D:1 1 runed translucent door


Message History

You shoot an arrow. The arrow hits the quokka.
The quokka is severely wounded.
The endoplasm hits you. The quokka closely misses you.
Fire: 38 arrows
Press: ? - help, Q - select action, (/) - cycle Shift-Dir - straight line, f/p - quokka
Aim: a quokka (severely wounded, 53% to hit)
You shoot an arrow. The arrow hits the quokka.
The quokka is almost dead.
The quokka barely misses you. The endoplasm freezes you.
You are frozen.
Fire: 37 arrows
Press: ? - help, Q - select action, (/) - cycle Shift-Dir - straight line, f/p - quokka
Aim: a quokka (almost dead, 53% to hit)
You shoot an arrow. The arrow barely misses the quokka.
The quokka misses you. The endoplasm hits you. The quokka barely misses you.
Unknown command.
Fire: 36 arrows
Press: ? - help, Q - select action, (/) - cycle Shift-Dir - straight line, f/p - quokka
Aim: a quokka (almost dead, 53% to hit)
You shoot an arrow.
The arrow hits the quokka but does no damage.
The quokka is almost dead.
The endoplasm misses you. The quokka closely misses you.
Fire: 35 arrows
Press: ? - help, Q - select action, (/) - cycle Shift-Dir - straight line, f/p - quokka
Aim: a quokka (almost dead, 53% to hit)
You shoot an arrow.
The arrow hits the quokka but does no damage.
The quokka is almost dead.
The endoplasm freezes you.
You are frozen.
The quokka bites you.
* * * LOW HITPOINT WARNING * * *
Fire: 34 arrows
Press: ? - help, Q - select action, (/) - cycle Shift-Dir - straight line, f/p - quokka
Aim: a quokka (almost dead, 53% to hit)
You shoot an arrow. The arrow closely misses the quokka.
The endoplasm freezes you.
You are frozen.
You die...

.(. ..# ##
#.# #..
..# ##.
#...###..
#..
..?.....##
#..
......Jr.#
#.# #.@.#
#.# #...#
#.#
.....>.
##.#####..
###...###
...K.((((.
.....
.(.######.
##..###
.### #..#
K# #..# ##


You could see an endoplasm and a quokka.

Vanquished Creatures
  2 dart slugs (D:1)
  7 ball pythons
  3 bats
  3 endoplasms
  4 goblins
  5 hobgoblins
  5 jackals
  4 kobolds (D:1)
  5 quokkas
  3 frilled lizards
  5 rats
46 creatures vanquished.

Notes
Turn   | Place    | Note
-------+----------+-------------------------------------------
     0 | D:1      | ZARRMARR the Deep Elf Hunter began the quest for the Orb.
     0 | D:1      | Reached XP level 1. HP: 12/12 MP: 3/3
     2 | D:1      | Found a runed translucent door.
   407 | D:1      | Reached skill level 6 in Bows
   407 | D:1      | Reached XP level 2. HP: 16/16 MP: 4/4
   761 | D:1      | Reached XP level 3. HP: 20/20 MP: 5/5
  1271 | D:2      | Reached skill level 7 in Bows
  1292 | D:2      | Found a faded altar of an unknown god.
  1904 | D:3      | Frozen to death by an endoplasm

Illustrated notes

Levels and vault maps discovered:
D:1:      dpeg_arrival_caged_fury, layout_loops_ring, roderic_nine_men_s_morris
D:2:      layout_loops_ring, basic_ecumenical_altar, grunt_ministairs_9
D:3:      layout_loops_ring

Skill      XL: |  1  2  3 |
---------------+----------+-----
Bows           | 6 7 |  7.2
Fighting       | |  1.5
Dodging        | |  2.4
Stealth        | |  1.2

Action                   || total
-------------------------++-------
Melee: Short sword       ||     4
 Fire: Shortbow          ||   124
  Use: Scroll            ||     3
Armor: Leather armour    ||     9
Dodge: Dodged            ||    39
